| TOP OF THE 1ST |
|
Harrisburg Senators batting - Pitching for Columbia Fireflies : RHP Raymundo Pato
|
|
Pitching: RHP Raymundo Pato
|
|
|
Batting: RHB Taffounnout Kame
|
0-0: Called Strike 0-1: Called Strike 0-2: Ball 1-2: SINGLE (Line Drive, 89M, EV 95.0 MPH)
|
|
Batting: SHB Fernando Fundora
|
0-0: SINGLE (Groundball, 4MD, EV 93.8 MPH) Taffounnout Kame to second Runner from 2nd tries for 3rd, OUT! 8-5
|
|
Batting: RHB Xavier Reeves
|
0-0: Ball 1-0: Ball 2-0: Ball 3-0: Called Strike 3-1: Fielders Choice at 2nd, 6-4 (Groundball, 6, EV 101.9 MPH)
|
|
Batting: SHB Curtis DeLille
|
0-0: Ball Xavier Reeves steals 2nd base 1-0: Foul Ball, location: 2F 1-1: Called Strike 1-2: Ball 2-2: Ball 3-2: Strikes out swinging
|
| Top of the 1st over - 0 runs, 2 hits, 0 errors, 1 left on base; Harrisburg 0 - Columbia 0 |
| BOTTOM OF THE 1ST |
|
Columbia Fireflies batting - Pitching for Harrisburg Senators : RHP Chris Mosley
|
|
Pitching: RHP Chris Mosley
|
|
|
Batting: SHB Detlef Oursler
|
0-0: Bunt missed! 0-1: Foul Ball, location: 2F 0-2: Strikes out swinging
|
|
Batting: SHB Jason Evans
|
0-0: Ball 1-0: Ball 2-0: Called Strike 2-1: Ball 3-1: Ground out U3 (Groundball, 3, EV 104.4 MPH)
|
|
Batting: LHB Bayesa Mundhir
|
0-0: Ground out U3 (Groundball, 34S, EV 83.1 MPH)
|
| Bottom of the 1st over - 0 runs, 0 hits, 0 errors, 0 left on base; Harrisburg 0 - Columbia 0 |
| TOP OF THE 2ND |
|
Harrisburg Senators batting - Pitching for Columbia Fireflies : RHP Raymundo Pato
|
|
Batting: RHB Jelexiz Cuenca
|
0-0: Ground out 5-3 (Groundball, 56S, EV 67.5 MPH)
|
|
Batting: RHB Aaron Bateman
|
0-0: Swinging Strike 0-1: Foul Ball, location: 2F 0-2: Strikes out swinging
|
|
Batting: RHB Steve Kunselman
|
0-0: Called Strike 0-1: Called Strike 0-2: Ball 1-2: Fly out, F8 (Flyball, 78M, EV 96.2 MPH)
|
| Top of the 2nd over - 0 runs, 0 hits, 0 errors, 0 left on base; Harrisburg 0 - Columbia 0 |
| BOTTOM OF THE 2ND |
|
Columbia Fireflies batting - Pitching for Harrisburg Senators : RHP Chris Mosley
|
|
Batting: LHB Tony Leyba
|
0-0: Called Strike 0-1: Swinging Strike 0-2: Ball 1-2: Foul Ball, location: 2F 1-2: Foul Ball, location: 2F 1-2: Ground out 2-3 (Groundball, 15S, EV 75.0 MPH)
|
|
Batting: RHB Nate Henderson
|
0-0: Hit by Pitch
|
|
Batting: LHB Dan Bremseth
|
0-0: Called Strike 0-1: Ball 1-1: Swinging Strike 1-2: Ball 2-2: Ball 3-2: Foul Ball, location: 2F 3-2: Strikes out swinging
|
|
Batting: SHB Jerry Burrows
|
0-0: Fly out, F6 (Popup, 6D, EV 45.0 MPH)
|
| Bottom of the 2nd over - 0 runs, 0 hits, 0 errors, 1 left on base; Harrisburg 0 - Columbia 0 |
| TOP OF THE 3RD |
|
Harrisburg Senators batting - Pitching for Columbia Fireflies : RHP Raymundo Pato
|
|
Batting: RHB Jessie Fisher
|
0-0: Ball 1-0: Called Strike 1-1: Called Strike 1-2: Strikes out swinging
|
|
Batting: RHB Yok-sing Szema
|
0-0: Ball 1-0: Fly out, F9 (Flyball, 9, EV 88.8 MPH)
|
|
Batting: RHB Taffounnout Kame
|
0-0: Called Strike 0-1: Called Strike 0-2: Ball 1-2: Strikes out swinging
|
| Top of the 3rd over - 0 runs, 0 hits, 0 errors, 0 left on base; Harrisburg 0 - Columbia 0 |
| BOTTOM OF THE 3RD |
|
Columbia Fireflies batting - Pitching for Harrisburg Senators : RHP Chris Mosley
|
|
Batting: RHB Larry Shoop
|
0-0: Swinging Strike 0-1: Swinging Strike 0-2: Strikes out swinging
|
|
Batting: RHB Gary Hills
|
0-0: Ball 1-0: Called Strike 1-1: Swinging Strike 1-2: Strikes out looking
|
|
Batting: SHB Detlef Oursler
|
0-0: Swinging Strike 0-1: Ball 1-1: Ball 2-1: Ground out U3 (Groundball, 3, EV 98.1 MPH)
|
| Bottom of the 3rd over - 0 runs, 0 hits, 0 errors, 0 left on base; Harrisburg 0 - Columbia 0 |
| TOP OF THE 4TH |
|
Harrisburg Senators batting - Pitching for Columbia Fireflies : RHP Raymundo Pato
|
|
Batting: SHB Fernando Fundora
|
0-0: Called Strike 0-1: Ball 1-1: Ground out 2-3 (Groundball, 15S, EV 75.6 MPH)
|
|
Batting: RHB Xavier Reeves
|
0-0: Ball 1-0: TRIPLE (Line Drive, 89XD, EV 111.9 MPH)
|
|
Batting: SHB Curtis DeLille
|
0-0: Ball 1-0: Swinging Strike 1-1: Ball 2-1: Swinging Strike 2-2: Strikes out swinging
|
|
Batting: RHB Jelexiz Cuenca
|
0-0: Called Strike 0-1: Ball 1-1: Ground out 5-3 (Groundball, 56, EV 85.0 MPH)
|
| Top of the 4th over - 0 runs, 1 hit, 0 errors, 1 left on base; Harrisburg 0 - Columbia 0 |
| BOTTOM OF THE 4TH |
|
Columbia Fireflies batting - Pitching for Harrisburg Senators : RHP Chris Mosley
|
|
Batting: SHB Jason Evans
|
0-0: Foul Ball, location: 2F 0-1: Ball 1-1: Swinging Strike 1-2: Strikes out swinging
|
|
Batting: LHB Bayesa Mundhir
|
0-0: Called Strike 0-1: Called Strike 0-2: Ball 1-2: Ball 2-2: Foul Ball, location: 2F 2-2: Ball 3-2: Foul Ball, location: 2F 3-2: Base on Balls
|
|
Batting: LHB Tony Leyba
|
0-0: Called Strike 0-1: Called Strike 0-2: Strikes out swinging
|
|
Batting: RHB Nate Henderson
|
0-0: SINGLE (Groundball, 4S, EV 63.1 MPH) (infield hit) Bayesa Mundhir to second
|
|
Batting: LHB Dan Bremseth
|
0-0: Ball 1-0: Ball 2-0: Foul Ball, location: 2F 2-1: Foul Ball, location: 2F 2-2: Ground out 4-3 (Groundball, 34, EV 85.0 MPH)
|
| Bottom of the 4th over - 0 runs, 1 hit, 0 errors, 2 left on base; Harrisburg 0 - Columbia 0 |
| TOP OF THE 5TH |
|
Harrisburg Senators batting - Pitching for Columbia Fireflies : RHP Raymundo Pato
|
|
Batting: RHB Aaron Bateman
|
0-0: Ball 1-0: Ball 2-0: SINGLE (Groundball, 56D, EV 103.8 MPH)
|
|
Batting: RHB Steve Kunselman
|
0-0: Ball 1-0: Foul Ball, location: 2F 1-1: Ball 2-1: SINGLE (Line Drive, 6D, EV 99.4 MPH) Aaron Bateman to second
|
|
Batting: RHB Jessie Fisher
|
0-0: Called Strike 0-1: Called Strike 0-2: Foul Ball, location: 2F 0-2: Ball Passed Ball! Aaron Bateman to third Steve Kunselman to second 1-2: Ball 2-2: Foul Ball, location: 2F 2-2: Fly out, F7 (Flyball, 78D, EV 105.0 MPH) Runner from 3rd tags up, SCORES, no throw by LF
|
|
Batting: RHB Yok-sing Szema
|
0-0: Ball 1-0: Swinging Strike 1-1: Ball 2-1: Ball 3-1: SINGLE (Groundball, 6S, EV 75.6 MPH) (infield hit) Steve Kunselman to third
|
|
Batting: RHB Taffounnout Kame
|
0-0: Fly out, F9 (Line Drive, 89M, EV 90.0 MPH)
|
|
Batting: SHB Fernando Fundora
|
0-0: Called Strike Yok-sing Szema steals 2nd base 0-1: Foul Ball, location: 2F 0-2: Strikes out looking
|
| Top of the 5th over - 1 run, 3 hits, 0 errors, 2 left on base; Harrisburg 1 - Columbia 0 |
| BOTTOM OF THE 5TH |
|
Columbia Fireflies batting - Pitching for Harrisburg Senators : RHP Chris Mosley
|
|
Batting: SHB Jerry Burrows
|
0-0: Called Strike 0-1: Ball 1-1: Ball 2-1: Called Strike 2-2: Ball 3-2: Foul Ball, location: 2F 3-2: Base on Balls
|
|
Batting: RHB Larry Shoop
|
0-0: Called Strike 0-1: Ball 1-1: Ball 2-1: Fielders Choice at 2nd, 6-4 (Groundball, 6, EV 88.8 MPH)
|
|
Batting: RHB Gary Hills
|
0-0: Ball 1-0: Ball 2-0: Grounds into double play, 6-4-3 (Groundball, 6, EV 83.1 MPH)
|
| Bottom of the 5th over - 0 runs, 0 hits, 0 errors, 0 left on base; Harrisburg 1 - Columbia 0 |
| TOP OF THE 6TH |
|
Harrisburg Senators batting - Pitching for Columbia Fireflies : RHP Raymundo Pato
|
|
Batting: RHB Xavier Reeves
|
0-0: Called Strike 0-1: Foul Ball, location: 2F 0-2: Fly out, F9 (Flyball, 9LS, EV 86.2 MPH)
|
|
Batting: SHB Curtis DeLille
|
0-0: Swinging Strike 0-1: Swinging Strike 0-2: Strikes out swinging
|
|
Batting: RHB Jelexiz Cuenca
|
0-0: Called Strike 0-1: Called Strike 0-2: SINGLE (Groundball, 6D, EV 97.5 MPH)
|
|
Batting: RHB Aaron Bateman
|
0-0: Ball 1-0: Foul Ball, location: 2F 1-1: Ball 2-1: Called Strike 2-2: Ground out 4-3 (Groundball, 4, EV 78.1 MPH)
|
| Top of the 6th over - 0 runs, 1 hit, 0 errors, 1 left on base; Harrisburg 1 - Columbia 0 |
| BOTTOM OF THE 6TH |
|
Columbia Fireflies batting - Pitching for Harrisburg Senators : RHP Chris Mosley
|
|
Batting: SHB Detlef Oursler
|
0-0: Ground out 6-3 (Groundball, 6M, EV 88.1 MPH)
|
|
Batting: SHB Jason Evans
|
0-0: SINGLE (Line Drive, 4M, EV 100.6 MPH)
|
|
Batting: LHB Bayesa Mundhir
|
0-0: Ball Jason Evans steals 2nd base 1-0: Ball 2-0: Ball 3-0: Base on Balls
|
|
Batting: LHB Tony Leyba
|
0-0: Ball 1-0: Ball 2-0: Ball 3-0: Called Strike 3-1: Base on Balls Jason Evans to third Bayesa Mundhir to second
|
|
Batting: RHB Nate Henderson
|
0-0: Ball 1-0: Ball 2-0: Swinging Strike 2-1: Ball 3-1: Called Strike 3-2: Strikes out swinging
|
|
Batting: LHB Dan Bremseth
|
0-0: Ball 1-0: Swinging Strike 1-1: Foul Ball, location: 2F 1-2: Ball 2-2: Ball 3-2: SINGLE (Groundball, 34S, EV 63.1 MPH) (infield hit) Jason Evans scores Bayesa Mundhir to third Tony Leyba to second
|
|
Pitching: LHP Mike Montgomery
|
|
|
Batting: SHB Jerry Burrows
|
0-0: Called Strike 0-1: Ball 1-1: DOUBLE (Groundball, 5L, EV 107.5 MPH) Bayesa Mundhir scores Tony Leyba scores Dan Bremseth to third
|
|
Batting: RHB Larry Shoop
|
0-0: Called Strike 0-1: Ball 1-1: Swinging Strike 1-2: Ball 2-2: Foul Ball, location: 2F 2-2: Ball 3-2: Strikes out swinging
|
| Bottom of the 6th over - 3 runs, 3 hits, 0 errors, 2 left on base; Harrisburg 1 - Columbia 3 |
| TOP OF THE 7TH |
|
Harrisburg Senators batting - Pitching for Columbia Fireflies : RHP Raymundo Pato
|
|
Batting: RHB Steve Kunselman
|
0-0: Called Strike 0-1: Swinging Strike 0-2: Strikes out swinging
|
|
Batting: RHB Jessie Fisher
|
0-0: Ball 1-0: Ball 2-0: Ground out U3 (Groundball, 34S, EV 76.2 MPH)
|
|
Batting: RHB Yok-sing Szema
|
0-0: Called Strike 0-1: Ball 1-1: Swinging Strike 1-2: Ball 2-2: DOUBLE (Flyball, 8RD, EV 99.4 MPH)
|
|
Pitching: RHP Matt Bennett
|
|
|
Batting: RHB Taffounnout Kame
|
0-0: Foul Ball, location: 2F 0-1: Swinging Strike 0-2: Foul Ball, location: 2F 0-2: Ball 1-2: SINGLE (Groundball, 4MD, EV 98.1 MPH) Yok-sing Szema to third Runner from 3rd tries for Home, SAFE, throw by CF to home Taffounnout Kame to second
|
|
Batting: SHB Fernando Fundora
|
0-0: Ball 1-0: Called Strike 1-1: Ball 2-1: Ball 3-1: Base on Balls
|
|
Batting: RHB Xavier Reeves
|
0-0: Called Strike 0-1: Ball 1-1: SINGLE (Groundball, 6S, EV 65.0 MPH) (infield hit) Taffounnout Kame to third Fernando Fundora to second
|
|
Batting: SHB Curtis DeLille
|
0-0: Ball 1-0: Ball 2-0: Fly out, F7 (Flyball, 7, EV 75.6 MPH)
|
| Top of the 7th over - 1 run, 3 hits, 0 errors, 3 left on base; Harrisburg 2 - Columbia 3 |
| BOTTOM OF THE 7TH |
|
Columbia Fireflies batting - Pitching for Harrisburg Senators : LHP Mike Montgomery
|
|
Batting: RHB Gary Hills
|
0-0: Fly out, F9 (Flyball, 9, EV 95.6 MPH)
|
|
Batting: SHB Detlef Oursler
|
0-0: Ball 1-0: Ground out 6-3 (Groundball, 6MS, EV 86.9 MPH)
|
|
Batting: SHB Jason Evans
|
0-0: Ground out 5-3 (Groundball, 5, EV 104.4 MPH)
|
| Bottom of the 7th over - 0 runs, 0 hits, 0 errors, 0 left on base; Harrisburg 2 - Columbia 3 |
| TOP OF THE 8TH |
|
Harrisburg Senators batting - Pitching for Columbia Fireflies : RHP Matt Bennett
|
|
Batting: RHB Jelexiz Cuenca
|
0-0: Ball 1-0: Ball 2-0: Called Strike 2-1: Ground out 4-3 (Groundball, 34S, EV 88.8 MPH)
|
|
Pinch Hitting: LHB Vince McLane
|
0-0: Ground out 6-3 (Groundball, 56, EV 89.4 MPH)
|
|
Batting: RHB Steve Kunselman
|
0-0: Ground out 4-3 (Groundball, 34S, EV 85.0 MPH)
|
| Top of the 8th over - 0 runs, 0 hits, 0 errors, 0 left on base; Harrisburg 2 - Columbia 3 |
| BOTTOM OF THE 8TH |
|
Columbia Fireflies batting - Pitching for Harrisburg Senators : LHP Mike Montgomery
|
|
Now at 2B: Taffounnout Kame
|
|
|
Now in RF: Vince McLane
|
|
|
Batting: LHB Bayesa Mundhir
|
0-0: Foul Ball, location: 2F 0-1: Ball 1-1: Ball 2-1: Ground out 3-1 (Groundball, 34S, EV 78.1 MPH)
|
|
Batting: LHB Tony Leyba
|
0-0: Called Strike 0-1: Ball 1-1: Ball 2-1: Foul Ball, location: 2F 2-2: Strikes out swinging
|
|
Batting: RHB Nate Henderson
|
0-0: Ball 1-0: Called Strike 1-1: Foul Ball, location: 2F 1-2: Strikes out swinging
|
| Bottom of the 8th over - 0 runs, 0 hits, 0 errors, 0 left on base; Harrisburg 2 - Columbia 3 |
| TOP OF THE 9TH |
|
Harrisburg Senators batting - Pitching for Columbia Fireflies : RHP Matt Bennett
|
|
Now at 1B: Jerry Burrows
|
|
|
Now at 2B: Zane Kelton
|
|
|
Batting: RHB Jessie Fisher
|
0-0: Ball 1-0: Swinging Strike 1-1: Foul Ball, location: 2F 1-2: Strikes out swinging
|
|
Batting: RHB Yok-sing Szema
|
0-0: Ground out U3 (Groundball, 34, EV 92.5 MPH)
|
|
Batting: RHB Taffounnout Kame
|
0-0: Ball 1-0: Swinging Strike 1-1: Swinging Strike 1-2: Strikes out looking
|
| Top of the 9th over - 0 runs, 0 hits, 0 errors, 0 left on base; Harrisburg 2 - Columbia 3 |
|